AoeStats
← JAEC

African Clearing

510321507Analyzed
4v4 RM · 3d ago on Sep 30, 2026· 53m 58s· 8 players
Game mode
Random Map
Map size
Large (8 player)
Population
200
Speed
Normal
Resources
Standard
Victory
Conquest
Starting age
Dark Age
Ending age
Imperial Age
RankedLock teamsTeams togetherTeam positionsShared explorationLock speedFull tech treeHidden civsTurbo modeCheats
Victory
Defeat
🇨🇳 Koreans · China
885
+13
🇭🇰 Danes · Hong Kong SAR China
869
+14
🇺🇸 Huns · United States
806
+16
🇦🇷 Spanish · Argentina
799
+17
🇻🇪 Chinese · Venezuela
863
-17
🇺🇾 Franks · Uruguay
820
-15
🇻🇪 Mongols · Venezuela
819
-15
🇦🇷 Bohemians · Argentina
768
-13
rtxron99ti
16:52 Feudal Age
18:21 Wheelbarrow
19:53 Horse Collar
25:33 Castle Age
24:55 Bloodlines
26:46 Husbandry
26:06 Light Cavalry
27:26 Double-Bit Axe
28:15 Hand Cart
28:08 Heavy Plow
30:40 Bow Saw
32:04 Scale Barding Armor
32:09 Forging
33:05 Chain Barding Armor
42:49 Iron Casting
44:57 Fortified Wall
47:06 Loom
50:39 Nomads
53:13 Imperial Age
54:59 Blast Furnace
53:50 Fletching
53:26 Cavalier
JAEC
9:33 Loom
17:29 Feudal Age
18:09 Double-Bit Axe
18:59 Wheelbarrow
21:18 Town Watch
23:35 Castle Age
23:30 Stone Mining
25:35 Hand Cart
27:01 Horse Collar
29:36 Bow Saw
31:14 Stone Shaft Mining
30:29 Gold Mining
31:09 Hand Cart
33:29 Fletching
35:36 Padded Archer Armor
38:54 Gold Shaft Mining
44:45 Imperial Age
47:04 Imperial Age
alex_anz
12:21 Loom
14:36 Feudal Age
15:05 Double-Bit Axe
Wolf-Salomon
8:52 Loom
17:08 Feudal Age
17:47 Double-Bit Axe
18:18 Horse Collar
23:09 Wheelbarrow
25:44 Castle Age
27:24 Heavy Plow
27:35 Bow Saw
28:14 Bow Saw
28:11 Husbandry
31:14 Hand Cart
32:57 Heavy Plow
38:19 Imperial Age
36:08 Scale Barding Armor
36:38 Town Watch
37:07 Forging
41:17 Two-Man Saw
41:47 Town Patrol
42:24 Iron Casting
42:26 Capped Ram
44:22 Blast Furnace
43:43 Chain Barding Armor
43:47 Conscription
46:04 Cavalier
47:18 Fortified Wall
48:20 Chemistry
47:01 Light Cavalry
48:51 Siege Engineers
DONtheDON
13:34 Feudal Age
18:33 Double-Bit Axe
19:23 Horse Collar
26:39 Castle Age
25:27 Fletching
29:31 Bow Saw
29:24 Heavy Plow
29:34 Bodkin Arrow
29:41 Padded Archer Armor
31:59 Ballistics
39:32 Pikeman
39:52 Light Cavalry
40:43 Bloodlines
44:16 Imperial Age
46:36 Elite Skirmisher
48:32 Wheelbarrow
47:43 Town Watch
47:38 Capped Ram
52:11 Heavy Cavalry Archer
53:16 Parthian Tactics
53:04 Halberdier
TornToast5128
14:16 Feudal Age
18:11 Castle Age
18:00 Double-Bit Axe
20:32 Bow Saw
21:28 Stone Mining
24:18 Wheelbarrow
26:18 Scale Mail Armor
26:29 Forging
27:18 Chain Mail Armor
27:42 Loom
29:04 Iron Casting
32:00 Imperial Age
32:19 Elite Jomsviking
34:05 Blast Furnace
33:37 Plate Mail Armor
34:08 Blast Furnace
36:13 Stone Shaft Mining
37:40 Horse Collar
40:41 Heavy Plow
50:53 Hamask
51:55 Conscription
52:46 Hand Cart
慢即是快.
15:01 Feudal Age
16:48 Loom
19:45 Castle Age
34:53 Double-Bit Axe
42:44 Imperial Age
42:50 Forging
42:45 Scale Barding Armor
42:34 Gold Mining
44:08 Husbandry
44:18 Bloodlines
43:29 Cavalier
46:57 Wheelbarrow
46:08 Town Watch
46:52 Paladin
48:15 Iron Casting
48:01 Chain Barding Armor
52:30 Guilds
52:50 Coinage
One Shoulder 100KG
15:00 Feudal Age
20:37 Castle Age
18:35 Fletching
20:47 Double-Bit Axe
22:06 Bodkin Arrow
22:07 Stone Mining
23:01 Murder Holes
23:53 Stone Shaft Mining
23:30 Town Watch
23:33 Loom
23:33 Town Watch
24:24 Wheelbarrow
29:54 Gold Mining
30:26 Bow Saw
30:44 Town Patrol
31:19 Ballistics
34:04 Hand Cart
35:28 Town Patrol
36:45 Squires
36:31 Arson
36:58 Scale Mail Armor
42:11 Imperial Age
40:03 Treadmill Crane
41:40 Forging
43:03 Chain Mail Armor
43:05 Bracer
44:36 Chemistry
44:40 Arrowslits
47:50 Two-Man Saw
49:07 Elite Fire Lancer
50:15 Horse Collar
51:36 Herbal Medicine
52:18 Guilds
53:02 Conscription
Connection lost

Rejoining the realm…

Still unreachable

The connection could not be restored.

Session expired

The server has moved on; the page needs a fresh start.